AoeStats
← BIG Q

Arabia

508292166Analyzed
1v1 RM · 11d ago on Sep 21, 2026· 38m 30s· 2 players
Game mode
Random Map
Map size
Tiny (2 player)
Population
200
Speed
Normal
Resources
Standard
Victory
Conquest
Starting age
Dark Age
Ending age
Imperial Age
RankedLock teamsTeams togetherTeam positionsShared explorationLock speedFull tech treeHidden civsTurbo modeCheats
Victory
Defeat
🇺🇸 Italians · United States
1007
+17
🇩🇪 Mongols · Germany
1027
-17
BIG Q
8:19 Loom
10:06 Feudal Age
11:06 Double-Bit Axe
13:12 Town Watch
13:19 Horse Collar
15:14 Fletching
21:35 Castle Age
22:30 Crossbowman
23:41 Bow Saw
23:33 Heavy Plow
24:24 Wheelbarrow
25:04 Gold Mining
28:16 Ballistics
28:24 Bodkin Arrow
32:22 Hand Cart
35:16 Imperial Age
33:33 Town Patrol
35:27 Arbalester
36:13 Thumb Ring
36:10 Bracer
Rackl Peter
9:05 Feudal Age
9:57 Loom
13:02 Double-Bit Axe
21:03 Castle Age
19:23 Padded Archer Armor
22:42 Bow Saw
22:49 Bloodlines
24:26 Thumb Ring
26:26 Fletching
28:17 Bodkin Arrow
30:00 Leather Archer Armor
33:27 Wheelbarrow
33:18 Husbandry
40:02 Imperial Age
38:52 Hand Cart
Connection lost

Rejoining the realm…

Still unreachable

The connection could not be restored.

Session expired

The server has moved on; the page needs a fresh start.